Map: Kairos Junction LE

Players

Reynor - Winner!

  • Race: Zerg Zerg
  • League: Grandmaster
  • Spawn Location: 5:00

Bunny

  • Race: Terran Terran
  • League: Diamond
  • Spawn Location: 11:00

Event: IEM Season 13 - Katowice Server Qualifiers Europe

VOD

Have the link to the VOD?

Description

Time

  • Played on: Jan. 8, 2019, 10:10 a.m.
  • Length: 13:50

All games in this series

Show
View Real Time Build Order
Export as new Build Order

Reynor Zerg - Winner!

Build Orders: Hatch First, Muta Ling Bane 

Get SALT Encoding   

  12  0:00  Drone  
  13  0:12  Overlord  
  13  0:16  Drone  
  14  0:30  Drone x2  
  16  0:48  Hatchery  
  15  0:51  Drone  
  15  0:54  Drone  
  17  0:58  Drone  
  18  1:08  Extractor  
  17  1:14  Spawning Pool  
  17  1:16  Drone  
  17  1:20  Drone  
  18  1:28  Drone  
  19  1:39  Drone  
  20  1:49  Overlord  
  20  2:00  Queen x2  
  24  2:03  Zergling x2  
  24  2:04  Drone  
  26  2:08  Metabolic Boost  
  26  2:10  Zergling x2  
  26  2:13  Drone  
  28  2:32  Hatchery  
  28  2:34  Drone  
  30  2:44  Queen  
  30  2:45  Drone  
  30  2:49  Overlord  
  31  2:52  Drone  
  31  2:55  Drone  
  33  2:59  Drone x2  
  33  3:02  Drone  
  36  3:06  Overlord  
  36  3:11  Drone  
  37  3:16  Queen  
  39  3:21  Overlord  
  39  3:22  Drone  
  39  3:25  Drone  
  40  3:36  Queen, Drone x2  
  40  3:39  Zergling x4  
  45  3:44  Drone  
  45  3:45  Queen  
  48  3:48  Zergling x2  
  48  3:51  Drone x2  
  51  3:56  Zergling x4  
  51  3:57  Drone  
  51  4:02  Drone x2  
  56  4:04  Baneling Nest  
  56  4:08  Drone x2  
  57  4:10  Overlord  
  57  4:13  Drone  
  57  4:14  Drone  
  59  4:18  Extractor  
  59  4:21  Zergling x4  
  59  4:24  Spore Crawler, Drone x2  
  61  4:29  Drone x2  
  61  4:30  Spore Crawler, Drone  
  63  4:34  Drone  
  63  4:35  Spore Crawler  
  63  4:39  Zergling x2  
  63  4:43  Overlord, Drone  
  63  4:45  Queen  
  67  4:47  Drone  
  67  4:50  Zergling x2  
  67  4:51  Zergling x2  
  70  4:58  Overlord  
  68  5:01  Overlord  
  68  5:02  Drone x2  
  68  5:03  Drone x3  
  73  5:10  Lair, Evolution Chamber  
  73  5:11  Evolution Chamber  
  73  5:12  Drone  
  72  5:17  Drone x4  
  76  5:23  Drone x2  
  76  5:24  Drone  
  79  5:35  Overlord  
  79  5:36  Zergling x4  
  79  5:37  Zergling x6  
  79  5:38  Queen  
  86  5:42  Zerg Ground Armor Level 1  
  86  5:43  Extractor, Drone x2, Zerg Melee Weapons Level 1  
  86  5:45  Extractor, Drone  
  86  5:46  Drone  
  86  5:49  Drone x2  
  90  5:52  Overlord x2  
  90  5:55  Overlord  
  90  5:57  Drone x2  
  92  6:08  Hatchery  
  92  6:09  Drone x2  
  92  6:11  Centrifical Hooks  
  93  6:21  Overlord  
  91  6:27  Drone x3  
  91  6:28  Extractor x2, Drone x2  
  91  6:29  Zergling x2  
  91  6:30  Zergling x6  
  91  6:32  Zergling x2  
  99  6:37  Drone  
  99  6:38  Spire  
  99  6:41  Zergling x4  
  99  6:43  Baneling x7  
  99  6:44  Baneling x2, Drone x3  
  104  6:48  Zergling x8  
  104  6:51  Overlord  
  108  6:57  Zergling x8  
  108  7:00  Overlord  
  112  7:05  Zergling x2  
  108  7:10  Zergling x6  
  107  7:15  Zergling x6  
  107  7:16  Zergling x6  
  107  7:19  Zergling x2  
  109  7:25  Drone  
  109  7:26  Drone x3  
  109  7:27  Queen, Drone  
  109  7:28  Drone  
  109  7:29  Drone  
  118  7:30  Drone  
  118  7:31  Hatchery  
  118  7:40  Zerg Ground Armor Level 2, Zerg Melee Weapons Level 2  
  118  7:49  Zergling x14  
  125  7:52  Baneling x7  
  125  7:54  Drone x3  
  125  7:55  Extractor  
  125  7:58  Overlord  
  127  8:06  Mutalisk  
  127  8:07  Mutalisk x6  
  141  8:15  Overlord  
  141  8:17  Mutalisk  
  141  8:18  Mutalisk  
  145  8:20  Zergling x4  
  145  8:21  Zergling x6  
  145  8:22  Hatchery, Zergling x2  
  145  8:26  Zergling x6  
  152  8:30  Zerg Flyer Weapons Level 1  
  152  8:31  Overlord  
  152  8:33  Drone x3  
  152  8:34  Drone  
  156  8:37  Baneling x3  
  156  8:41  Overlord  
  156  8:42  Mutalisk x2  
  156  8:44  Hatchery  
  156  8:45  Zergling x4  
  157  8:49  Mutalisk x2  
  157  8:55  Zergling x6  
  161  8:58  Mutalisk x2  
  163  9:04  Zergling x8  
  163  9:09  Drone x2  
  168  9:10  Drone  
  168  9:13  Infestation Pit  
  167  9:18  Zergling x8  
  167  9:23  Zergling x2  
  172  9:26  Overlord  
  172  9:30  Mutalisk x4  
  180  9:36  Zergling x4  
  162  9:45  Zergling x4  
  162  9:46  Zergling x20  
  171  9:58  Mutalisk x6  
  176  10:00  Zergling x10  
  176  10:01  Baneling x3  
  176  10:05  Drone  
  180  10:07  Baneling x5  
  180  10:08  Extractor, Drone  
  180  10:09  Drone x2  
  180  10:10  Queen, Extractor, Drone x5  
  180  10:13  Zergling x6  
  191  10:16  Baneling x6  
  191  10:17  Zergling x2  
  191  10:21  Overlord  
  192  10:22  Mutalisk  
  192  10:24  Zergling x4  
  192  10:27  Baneling  
  192  10:28  Baneling x4  
  194  10:34  Overlord, Spore Crawler  
  193  10:37  Baneling x3  
  193  10:38  Baneling x5  
  193  10:43  Zergling x12  
  193  10:44  Overlord  
  193  10:45  Drone  
  187  10:52  Zergling x2  
  187  10:53  Zergling x22  
  187  10:56  Mutalisk  
  187  10:57  Mutalisk  
  177  10:58  Zergling x4  
  177  10:59  Zergling x4  
  177  11:01  Hive  
  185  11:07  Zergling x12  
  185  11:08  Baneling  
  185  11:09  Baneling x11  
  185  11:11  Zergling x12  
  196  11:13  Zerg Flyer Weapons Level 2  
  196  11:15  Drone x2  
  199  11:19  Baneling  
  199  11:20  Baneling x7  
  199  11:21  Zergling x2  
  199  11:24  Baneling x4  
  199  11:25  Baneling  
  200  11:30  Overlord  
  194  11:51  Zergling x12  
  188  12:14  Zergling x2  
  188  12:15  Zergling x48  
  192  12:16  Zergling x4  
  192  12:20  Ultralisk Cavern  
  196  12:28  Baneling x2  
  196  12:29  Baneling x5, Drone x3  
  199  12:35  Baneling  
  199  12:36  Baneling x23  
  199  12:37  Baneling x2  
  199  12:42  Baneling x7  
  199  12:43  Baneling x8  
  199  12:44  Zergling x2  
  192  13:01  Zergling x2  
  192  13:02  Zergling x20  
  199  13:10  Baneling x3  
  199  13:11  Baneling x7  
  172  13:21  Zergling x2  
  172  13:22  Zergling x44  
  172  13:23  Zergling x10  
  172  13:26  Baneling x6  
Show
View Real Time Build Order
Export as new Build Order

Bunny Terran 

Build Orders: Liberator Opening, Reaper Expand 

Get SALT Encoding   

  12  0:00  SCV  
  13  0:13  SCV  
  14  0:17  Supply Depot  
  14  0:25  SCV  
  15  0:38  SCV  
  15  0:42  Barracks  
  16  0:44  Refinery  
  16  0:50  SCV  
  17  1:02  SCV  
  18  1:15  SCV  
  19  1:28  Orbital Command  
  19  1:29  Reaper  
  20  1:40  Command Center  
  20  1:54  Supply Depot  
  20  1:55  SCV  
  20  2:01  Marine  
  22  2:07  SCV  
  23  2:09  Factory  
  23  2:13  Refinery  
  23  2:19  SCV  
  23  2:21  Barracks Reactor  
  24  2:31  SCV  
  25  2:43  SCV  
  26  2:52  Orbital Command  
  26  2:55  SCV  
  26  2:56  Starport  
  27  3:02  Hellion x2  
  31  3:07  SCV  
  31  3:09  Barracks Tech Lab  
  31  3:18  SCV, Supply Depot  
  31  3:19  SCV  
  33  3:22  Liberator  
  33  3:23  Hellion  
  33  3:24  Hellion  
  36  3:30  SCV  
  36  3:32  SCV  
  38  3:38  Marine  
  42  3:42  SCV  
  42  3:44  SCV, Supply Depot  
  42  3:45  Hellion  
  42  3:48  Hellion  
  48  3:56  SCV x2  
  50  4:08  Command Center  
  50  4:09  Barracks Tech Lab  
  50  4:11  SCV x2  
  52  4:22  Viking  
  54  4:27  Barracks x2  
  54  4:28  SCV x2  
  56  4:32  Stimpack  
  56  4:34  Marine  
  56  4:36  Factory Reactor  
  57  4:40  SCV x2  
  59  4:47  Engineering Bay  
  59  4:48  Engineering Bay  
  59  4:51  Refinery  
  59  4:52  Refinery  
  59  4:53  Marine  
  59  4:55  SCV x2  
  60  5:07  SCV x2  
  60  5:11  Starport Reactor  
  61  5:14  Terran Infantry Armor Level 1, Terran Infantry Weapons Level 1  
  61  5:16  Marine  
  61  5:19  Marine, SCV x2  
  61  5:20  Orbital Command  
  65  5:24  Marine x3  
  65  5:26  Siege Tank  
  69  5:32  SCV  
  69  5:33  SCV  
  69  5:36  Marine  
  69  5:37  Marine  
  73  5:44  SCV  
  73  5:45  SCV  
  75  5:50  Orbital Command  
  75  5:53  Supply Depot x2  
  75  5:55  Medivac  
  77  5:59  Supply Depot  
  77  6:01  Medivac  
  77  6:13  Supply Depot  
  77  6:15  Marine x5, SCV x2, Supply Depot, Siege Tank  
  77  6:16  SCV  
  86  6:26  Medivac  
  86  6:31  Barracks, Medivac  
  86  6:32  Marine x3, Barracks  
  90  6:33  Marine  
  90  6:35  Combat Shield, SCV x3  
  97  6:41  Marine  
  98  6:47  Siege Tank  
  98  6:49  SCV x3, Supply Depot  
  98  6:50  Marine x4  
  108  6:57  Supply Depot  
  108  6:59  Marine  
  110  7:01  SCV x3  
  110  7:04  Refinery  
  110  7:06  Supply Depot  
  110  7:07  Armory  
  110  7:08  Marine x3  
  99  7:19  Barracks Reactor x2  
  99  7:21  Marine x2  
  98  7:23  SCV x3  
  98  7:26  Marine x3  
  98  7:29  Command Center  
  104  7:30  Siege Tank  
  104  7:34  Factory  
  107  7:38  Marine  
  107  7:39  Marine  
  107  7:42  SCV x3  
  107  7:44  Marine  
  112  7:48  Marine x2, Supply Depot  
  112  7:49  Supply Depot  
  115  7:56  Marine x2  
  115  7:57  Terran Infantry Weapons Level 2, Terran Infantry Armor Level 2  
  117  7:59  Terran Vehicle Weapons Level 1  
  117  8:03  Marine x3  
  120  8:12  Supply Depot  
  120  8:14  Thor  
  126  8:20  Factory Tech Lab  
  126  8:21  Marauder  
  126  8:22  Marine x6  
  126  8:26  Marine x2  
  133  8:31  Missile Turret  
  133  8:32  Refinery, Missile Turret  
  133  8:33  Missile Turret  
  134  8:40  Marine x6, Medivac x2  
  144  8:43  Marauder  
  144  8:44  Marine  
  144  8:48  Thor  
  152  8:52  Supply Depot x2  
  138  9:02  Barracks  
  138  9:04  Marauder, Barracks  
  138  9:05  Barracks  
  138  9:09  Supply Depot  
  137  9:11  SCV x3  
  137  9:13  Thor  
  146  9:25  Marauder  
  146  9:28  Medivac  
  146  9:29  Marine x5, Medivac  
  157  9:36  Thor  
  155  9:40  Marine x3  
  151  9:47  Marine, Planetary Fortress, Marauder  
  151  9:48  Marine x3  
  154  9:59  SCV x3  
  132  10:08  Marauder, Barracks Tech Lab x2  
  132  10:11  SCV x3  
  137  10:18  Concussive Shells, Barracks Tech Lab  
  137  10:20  Terran Infantry Weapons Level 3  
  137  10:24  SCV x3  
  137  10:25  SCV  
  139  10:30  Marauder  
  139  10:31  Terran Infantry Armor Level 3  
  143  10:36  Marauder x2  
  143  10:38  Marine, Marauder  
  143  10:39  Marine  
  149  10:44  Marine x5  
  149  10:45  Marine  
  148  11:04  Supply Depot x2  
  148  11:05  SCV x3, Supply Depot  
  148  11:06  SCV, Supply Depot  
  148  11:07  Supply Depot  
  148  11:10  Sensor Tower  
  148  11:12  Sensor Tower  
  148  11:15  Marauder  
  148  11:16  Marauder  
  152  11:20  Marauder  
  154  11:26  Marine x5  
  154  11:30  Marine x2  
  149  11:49  Marauder x3  
  149  11:51  Marine x5, Marauder  
  149  11:52  Marine  
  149  11:53  Marine x2  
  163  11:57  SCV  
  158  12:15  Marauder x2  
  153  12:19  Marine x8  
  153  12:20  Marine  
  158  12:25  Marauder  
  160  12:36  Marine  
  160  12:37  Marine x2, Marauder  
  163  12:39  Marine x3  
  163  12:43  Marine x2  
  170  13:03  Medivac  
  172  13:12  Supply Depot  
  172  13:14  Supply Depot  
  172  13:16  Marauder, Medivac  
  172  13:17  Marauder  
  136  13:22  Marine  
  136  13:23  Marine x2  

Tags
 
Add a new tag
Caveats
  • Supply blocks, unpowered buildings, or Contaminate may cause inaccurate times.
  • Supply counts are checked every 10 seconds.